 Dungeon Crawl Stone Soup version 0.30-a0-738-g116ff8c4af (webtiles) character file.

Game seed: 324147016652906985

25 jasper the Grave Robber (level 2, 0/19 HPs)
             Began as a Demonspawn Necromancer on Feb 4, 2023.
             Slain by Terence
             ... wielding a +0 flail of holy wrath
              (9 damage)
             ... on level 1 of the Dungeon.
             The game lasted 00:08:46 (738 turns).

jasper the Grave Robber (Demonspawn Necromancer)     Turns: 738, Time: 00:08:47

Health: 0/19       AC:  7    Str:  8    XL:     2   Next: 82%
Magic:  2/5        EV: 12    Int: 16    God:
Gold:   85         SH:  0    Dex: 13    Spells: 4/5 levels left

rFire   . . .      SeeInvis .    g - +0 short sword
rCold   . . .      Faith    .    (no shield)
rNeg    . . .      Spirit   .    a - +0 robe
rPois   .          Reflect  .    f - +0 helmet
rElec   .          Harm     .    (no cloak)
rCorr   .          Rampage  .    (no gloves)
Will    +....                    (no boots)
Stlth   ++                       (no amulet)
HPRegen 0.23/turn                j - +4 ring of protection
MPRegen 0.09/turn                n - ring of willpower

@: no status effects
A: ignite blood 1
a: no special abilities


You were on level 1 of the Dungeon.
You visited 1 branch of the dungeon, and saw 2 of its levels.

You collected 85 gold pieces.

Inventory:

Hand Weapons
 d - a +0 dagger
 g - a +0 short sword (weapon)
Missiles
 c - 4 boomerangs
 e - 19 stones
 h - 4 datura-tipped darts
Armour
 a - a +0 robe (worn)
 f - a +0 helmet (worn)
 l - a +0 leather armour
Magical Staves
 i - a staff of fire
Jewellery
 j - a +4 ring of protection (left hand)
 n - a ring of willpower (right hand)
Scrolls
 m - a scroll of noise
 o - a scroll of teleportation {unknown}
Potions
 b - a potion of magic


   Skills:
 - Level 1.7 Dodging
 - Level 1.7 Stealth
 - Level 2.0 Spellcasting
 + Level 5.4 Necromancy


You had 4 spell levels left.
You knew the following spells:

 Your Spells              Type           Power      Damage    Failure   Level
a - Necrotise             Necr           72%        1d7       2%          1

Your spell library contained the following spells:

 Spells                   Type           Power      Damage    Failure   Level
 Vampiric Draining        Necr           18%        2d7       7%          3
 Animate Dead             Necr           18%        N/A       22%         4
 Agony                    Necr           18%        N/A       52%         5
 Summon Forest            Summ/Tloc      0%         N/A       99%         5
 Eringya's Noxious Bog    Tmut/Pois      0%         N/A       100%        6
 Summon Hydra             Summ           0%         N/A       100%        7


Dungeon Overview and Level Annotations

Branches:
Dungeon (2/15)

Altars:

Annotations:
D:1 Terence


Innate Abilities, Weirdness & Mutations

Your demonic aura sometimes causes spilled blood to erupt in flames.


Message History

The bat writhes in agony.
You kill the bat!
You now have 4/5 mp.
You aren't carrying any items that you can evoke.
Unknown command.
Unknown command.
Aiming: Necrotise (safe; 2% risk of failure)
Press: ? - help, Q - select action, (/) - cycle Shift-Dir - straight line, f - Terence
Aim: Terence, wielding a +0 flail of holy wrath and wearing a +3 scale mail of fire resistance (chance to affect: 83%) Terence writhes in agony.
You now have 3/5 mp.
A kobold comes into view. It is wielding a +0 club.
Aiming: Necrotise (safe; 2% risk of failure)
Press: ? - help, Q - select action, (/) - cycle Shift-Dir - straight line, f/p - Terence
Aim: Terence, wielding a +0 flail of holy wrath and wearing a +3 scale mail of fire resistance (moderately wounded, chance to affect: 83%) Terence writhes in agony.
You now have 2/5 mp.
Aiming: Necrotise (safe; 2% risk of failure)
Press: ? - help, Q - select action, (/) - cycle Shift-Dir - straight line, f/p - Terence
Aim: Terence, wielding a +0 flail of holy wrath and wearing a +3 scale mail of fire resistance (moderately wounded, chance to affect: 83%) Terence writhes in agony.
You now have 1/5 mp.
Terence closely misses you.
You climb upwards.
There is a stone staircase leading down here.
Terence closely misses you. Terence attacks as you move away!
Terence hits you with a +0 flail of holy wrath.
You convulse.
You take 3 damage, and have 16/19 hp.
Terence attacks as you move away!
Terence hits you with a +0 flail of holy wrath!
You convulse.
You take 8 damage, and have 8/19 hp.
MASSIVE DAMAGE!!
Okay, then.
As you read the scroll labelled TODE QOUFUOCH, it crumbles to dust.
It is a scroll of identify.
m - a scroll of noise Terence hits you with a +0 flail of holy wrath!
You die...

#.....## #.. .......##
#.. ........# ##.
........# ######### ##
........# #.......# #
........# #......># ###
........# #.......#
##.## ........#
#.......# ###..##
.......## #.....@.######
##....## ......##
##....@#.....###....###
.####.#
##.............#........
.# #.#
#...................####
.# #.#
#................#.## #.
.# ##.#
#...............##.# #.
.###..#
#..................####.
.##..##
#......>.........##.....
..#.##
#...............##..####


You could see Terence.

Vanquished Creatures
  An adder (D:2)
  An endoplasm (D:1)
  A giant cockroach (D:1)
  A goblin (D:2)
  A hobgoblin (D:1)
  5 bats
  A frilled lizard (D:1)
  2 kobolds (D:1)
  3 rats (D:1)
16 creatures vanquished.

Vanquished Creatures (collateral kills)
  A rat (D:1)
1 creature vanquished.

Grand Total: 17 creatures vanquished

Notes
Turn   | Place    | Note
-------+----------+-------------------------------------------
     0 | D:1      | jasper the Demonspawn Necromancer began the quest for the
                  | Orb.
     0 | D:1      | Reached XP level 1. HP: 13/13 MP: 3/3
   322 | D:1      | Found a faded altar of an unknown god.
   383 | D:1      | Gained mutation: Your demonic aura sometimes causes spilled
                  | blood to erupt in flames. [demonic ancestry]
   383 | D:1      | Reached XP level 2. HP: 19/19 MP: 3/5
   446 | D:1      | Reached skill level 5 in Necromancy
   702 | D:2      | Noticed Terence
   738 | D:1      | Slain by Terence

Illustrated notes

Levels and vault maps discovered:
D:1:      wander_arrival_desolate, layout_rooms,
          hellmonk_ecumenical_altar_heavens_door
D:2:      layout_loops_ring, basic_altar, chequers_serial_rivers_large_a,
          dk_noncrumbling_3, serial_bayou_lagoon_b, uniq_terence, uniq_sigmund

Skill      XL: |  1  2 |
---------------+-------+-----
Necromancy     | 5 |  5.4
Dodging        | |  1.7
Stealth        | |  1.7
Spellcasting   | |  2.0

Action                     || total
---------------------------++-------
  Melee: Short sword       ||     7
  Throw: Boomerang         ||     1
   Cast: Necrotise         ||    24
    Use: Scroll            ||     1
   Stab: Sleeping          ||     1
 Armour: Robe              ||     1
  Dodge: Dodged            ||     6

Table legend: (Time is in decaauts)
 A = Elapsed time spent in this place.
 B = Non-inter-level travel time spent in this place.
 C = Inter-level travel time spent in this place.
 D = Time resting spent in this place.
 E = Time spent auto-exploring this place.
 F = Levels seen in this place.
 G = Mean time per level.
                   A        B        C        D        E       F      G
               +--------+--------+--------+--------+--------+-----+--------+
         Total |    737 |    686 |     51 |    100 |    480 |   2 |  368.5 |
       Dungeon |    737 |    686 |     51 |    100 |    480 |   2 |  368.5 |
               +--------+--------+--------+--------+--------+-----+--------+

Top non-repeatable levels by time:
     D:1: 668 daAuts
     D:2: 68 daAuts
